 Dungeon Crawl Stone Soup version 0.24-a0-639-gb70a11d811 (webtiles) character file.

Game seed: 453890062471640357, levelgen mode: deterministic

2048 DasRunzen the Covered (level 9, 0/79 HPs)
             Began as a Minotaur Fighter on Sept 22, 2019.
             Was a Believer of Okawaru.
             Killed from afar by an orc wizard (5 damage)
             ... with a magic dart
             ... on level 7 of the Dungeon.
             The game lasted 00:10:24 (3760 turns).

DasRunzen the Covered (Minotaur Fighter)            Turns: 3760, Time: 00:10:25

Health: 0/79       AC: 10    Str: 22    XL:     9   Next: 4%
Magic:  9/9        EV:  9    Int:  8    God:    Okawaru [**....]
Gold:   280        SH:  0    Dex: 12    Spells: 8/8 levels left

rFire    x . .     SeeInvis .   d - +7 great mace of Fortitude {flame, rPois rF- rC+ Int+3}
rCold    + . .     Gourm    .   (shield currently unavailable)
rNeg     . . .     Faith    .   b - +0 scale mail
rPois    +         Spirit   .   (helmet restricted)
rElec    .         Reflect  .   (no cloak)
rCorr    .         Harm     .   j - +0 pair of gloves
MR       .....                  m - +0 pair of boots
Stlth    ..........             x - amulet of magic regeneration
HPRegen  0.23/turn              (no ring)
MPRegen  0.36/turn              (no ring)

@: no status effects
A: retaliatory headbutt, horns 2
a: Heroism, Renounce Religion


You were on level 7 of the Dungeon.
You worshipped Okawaru.
Okawaru was pleased with you.
You were not hungry.

You visited 2 branches of the dungeon, and saw 8 of its levels.

You collected 280 gold pieces.

Inventory:

Hand Weapons
 a - a +0 war axe
 d - the +7 great mace of Fortitude (weapon) {flame, rPois rF- rC+ Int+3}
   (You took it off an ogre on level 3 of the Dungeon)

   It has been specially enchanted to burn those struck by it, causing extra
   injury to most foes and up to half again as much damage against particularly
   susceptible opponents.
   It affects your intelligence (+3).
   It makes you vulnerable to fire.
   It protects you from cold.
   It protects you from poison.
Armour
 b - a +0 scale mail (worn)
 c - a +1 shield
 j - a +0 pair of gloves (worn)
 m - a +0 pair of boots (worn)
Jewellery
 x - an amulet of magic regeneration (around neck)
 y - an uncursed ring of protection from magic {unknown}
Scrolls
 h - 7 scrolls of remove curse
 o - 3 scrolls of magic mapping
 p - a scroll of amnesia {unknown}
 q - a scroll of enchant weapon {unknown}
 r - 5 scrolls of identify
 s - a scroll of fog {unknown}
 u - a scroll of teleportation {unknown}
 v - a scroll of fear {unknown}
 w - a scroll of enchant armour
Potions
 e - 5 potions of haste
 g - a potion of invisibility {unknown}
 i - a potion of degeneration {unknown}
 k - 3 potions of ambrosia {unknown}
 l - 2 potions of agility {unknown}
 n - 3 potions of flight {unknown}
 t - 2 potions of heal wounds {unknown}
 z - a potion of lignification {unknown}
 B - a potion of might
 C - a potion of curing {unknown}
Comestibles
 f - 10 rations


   Skills:
 + Level 7.3 Fighting
 + Level 6.9(7.5) Axes
 + Level 4.5(6.3) Maces & Flails
 + Level 7.5 Armour
 + Level 7.4 Shields
 + Level 2.2 Invocations


You had 8 spell levels left.
You didn't know any spells.
Your spell library was empty.

Dungeon Overview and Level Annotations

Branches:
Dungeon (7/15)             Temple (1/1) D:4

Altars:
Ashenzari
Cheibriados
Dithmenos
Elyvilon
Gozag
Hepliaklqana
Kikubaaqudgha
Okawaru
Qazlal
Ru
Trog
Uskayaw
Vehumet
Wu Jian
Xom
Yredelemnul
Zin


Innate Abilities, Weirdness & Mutations

You reflexively headbutt those who attack you in melee.
You have a pair of horns on your head.


Message History

You feel agile. The quokka closely misses you.
You barely miss the quokka. The quokka bites you.
* * * LOW HITPOINT WARNING * * *
You barely miss the quokka. The quokka bites you.
* * * LOW HITPOINT WARNING * * *
The quokka bites you but does no damage.
You sock the quokka! You burn the quokka.
You kill the quokka!
Okawaru accepts your kill.
You barely miss the orc wizard.
You headbutt the orc wizard, but do no damage.
The orc wizard hits you but does no damage.
The orc wizard gestures wildly while chanting.
The orc wizard seems to speed up.
You sock the orc wizard! You headbutt the orc wizard.
The orc wizard is severely wounded.
The orc wizard points at you and mumbles some strange words.
The magic dart hits you.
You die...

...........<..#
..............#
..............#
.#..
..............#
...
..............#
).##
........)....#
... #.)...#
#..#####
#o#####
#......# #@#
#...##.## #.#
#.##..####.#
#...#....#.#
###...##...#
###..##### ####


You could see an orc wizard.

Vanquished Creatures
  Joseph (D:7)
  The ghost of Johnny the Poker, an amateur DgGl (D:5)
  Prince Ribbit (D:5)
  Sigmund (D:2)
  An ice beast (D:5)
  4 ogres
  A phantom (D:4)
  A centaur (D:7)
  The ghost of soark the Chopper, a weakling DsFi (D:3)
  A howler monkey (D:4)
  A crimson imp (D:5)
  2 jellies
  4 hounds
  An orc priest (D:5)
  2 iguanas
  A worker ant (D:5)
  A worker ant zombie (D:5)
  Robin (D:2)
  3 gnolls (D:4)
  3 adders
  A shadow imp (D:5)
  An ooze (D:5)
  An adder skeleton (D:7)
  4 worms
  2 leopard geckos
  13 orcs
  3 ball pythons
  2 giant cockroaches
  9 hobgoblins
  10 jackals
  8 kobolds
  4 quokkas
  4 bats
  6 frilled lizards
  18 goblins
  6 rats
124 creatures vanquished.

Notes
Turn   | Place    | Note
-------+----------+-------------------------------------------
     0 | D:1      | DasRunzen the Minotaur Fighter began the quest for the Orb.
     0 | D:1      | Reached XP level 1. HP: 19/19 MP: 0/0
   154 | D:1      | Reached XP level 2. HP: 22/27 MP: 1/1
   808 | D:2      | Noticed Sigmund
   813 | D:2      | Killed Sigmund
   813 | D:2      | Reached XP level 3. HP: 28/34 MP: 2/2
   813 | D:2      | Reached XP level 4. HP: 34/41 MP: 3/3
   813 | D:2      | Reached XP level 5. HP: 39/47 MP: 4/4
   814 | D:2      | Found a glowing silver altar of Zin.
  1158 | D:2      | Noticed Robin
  1170 | D:2      | Killed Robin
  1184 | D:2      | Reached skill level 5 in Shields
  1746 | D:3      | Reached skill level 5 in Fighting
  1746 | D:3      | Reached skill level 5 in Armour
  1802 | D:3      | Found an ancient bone altar of Kikubaaqudgha.
  1870 | D:3      | Identified the +7 great mace of Fortitude {flame, rPois rF-
                  | rC+ Int+3}
  1870 | D:3      | Noticed an ogre
  1871 | D:3      | Noticed an ogre
  1877 | D:3      | Found a transporter.
  1946 | D:3      | Found a transporter.
  2144 | D:3      | Noticed soark's ghost (weakling DsFi)
  2337 | D:3      | Killed an ogre
  2337 | D:3      | Reached XP level 6. HP: 30/56 MP: 5/5
  2340 | D:3      | HP: 2/56 [soark's ghost (2)]
  2341 | D:3      | Killed soark's ghost
  2649 | D:4      | Reached skill level 5 in Axes
  2649 | D:4      | Reached XP level 7. HP: 62/62 MP: 6/6
  2675 | D:4      | Reached skill level 1 in Maces & Flails
  2882 | D:4      | Found a staircase to the Ecumenical Temple.
  2888 | Temple   | Entered the Ecumenical Temple
  2921 | Temple   | Became a worshipper of Warmaster Okawaru
  2993 | D:4      | Found a shimmering altar of Xom.
  3086 | D:4      | Found a sacrificial altar of Ru.
  3159 | D:4      | Found an ornate altar of the Wu Jian Council.
  3268 | D:5      | Entered Level 5 of the Dungeon
  3279 | D:5      | Noticed Prince Ribbit
  3285 | D:5      | Killed Prince Ribbit
  3296 | D:5      | Reached XP level 8. HP: 71/71 MP: 7/7
  3311 | D:5      | Found a transporter.
  3311 | D:5      | Noticed Johnny's ghost (amateur DgGl)
  3330 | D:5      | Found a transporter.
  3420 | D:5      | Found an iron altar of Okawaru.
  3421 | D:5      | Reached * piety under Okawaru
  3649 | D:5      | Killed Johnny's ghost
  3649 | D:5      | Reached skill level 1 in Invocations
  3722 | D:6      | You fall into a shaft and drop 1 floor!
  3737 | D:7      | Noticed Joseph
  3755 | D:7      | Killed Joseph
  3755 | D:7      | Reached ** piety under Okawaru
  3755 | D:7      | Reached XP level 9. HP: 9/79 MP: 9/9
  3760 | D:7      | Killed from afar by an orc wizard

Levels and vault maps discovered:
D:1:      sevenhm_arrival_forest_fort_large_2, layout_loops_cross,
          item_on_display_a
D:2:      layout_loops_ring, lemuel_doored_altar, first_ration,
          kennysheep_cross_room, minmay_misc_feat_pillars, uniq_robin,
          uniq_sigmund
D:3:      layout_loops_ring, lemuel_crystal_altar, gammafunk_ghost_smash,
          minmay_door_square
D:4:      layout_cave_pools, old_standard_altar, nicolae_ru_path_of_blood,
          kennysheep_mini, temple_green, minmay_vboxes
D:5:      layout_rooms, gammafunk_ghost_arena, hex_tiny, okawaru_gym_becter,
          uniq_prince_ribbit1
D:6:      layout_basic, fedhas_bush_and_centaur_altar, led_sif_pool
D:7:      layout_rooms, gammafunk_temple_overflow_arena, uniq_joseph,
          uniq_menkaure, uniq_duvessa
Temple:   nicolae_temple_hex_pool

Skill      XL: |  1  2  3  4  5  6  7  8 |
---------------+-------------------------+-----
Shields        | 4 5 6 7 |  7.4
Fighting       | 4 5 6 7 |  7.3
Axes           | 3 4 5 6 |  6.9
Armour         | 4 5 6 7 |  7.5
Maces & Flails | 2 4 |  4.5
Invocations    | 2 |  2.2

Action                   |  1- 3 |  4- 6 |  7- 9 || total
-------------------------+-------+-------+-------++-------
Melee: War axe           |    41 |   120 |       ||   161
       Headbutt          |     6 |    21 |    10 ||    37
       Great mace        |       |     7 |    90 ||    97
  Use: Scroll            |     5 |     1 |       ||     6
       Potion            |       |     1 |       ||     1
  Eat: Chunk             |       |     5 |     4 ||     9
Armor: Scale mail        |    17 |    45 |    73 ||   135
Dodge: Dodged            |    10 |    34 |    70 ||   114
Block: Shield            |    22 |    85 |       ||   107

Table legend:
 A = Non-vault XP
 B = Vault XP
 C = Vault XP percentage of total XP
 D = Non-vault monster count
 E = Vault monster count
 F = Vault count percentage of total count
                 A         B        C        D         E       F
            +---------+---------+-------+---------+---------+-------
      Total |    1286 |    1641 |  56.1 |      99 |      25 |  20.2
            +---------+---------+-------+---------+---------+-------
        D:1 |      30 |       0 |   0.0 |      19 |       0 |   0.0
        D:2 |      36 |     244 |  87.1 |      17 |      13 |  43.3
        D:3 |      54 |     308 |  85.1 |      21 |       3 |  12.5
        D:4 |     271 |      43 |  13.7 |      12 |       3 |  20.0
        D:5 |     723 |     616 |  46.0 |      23 |       5 |  17.9
        D:7 |     172 |     430 |  71.4 |       7 |       1 |  12.5
            +---------+---------+-------+---------+---------+-------
